 Dungeon Crawl Stone Soup version 0.29.1-15-g9cfb28693d (webtiles) character file.

Game seed: 9760689001994828364

4839 jtron the Protected (level 10, -2/76 HPs)
             Began as a Gnoll Wanderer on Mar 20, 2023.
             Was a High Priest of Uskayaw.
             Asphyxiated
             ... on level 8 of the Dungeon.
             The game lasted 00:22:57 (9442 turns).

jtron the Protected (Gnoll Wanderer)                Turns: 9442, Time: 00:22:58

Health: -2/76      AC: 17    Str: 11    XL:     10   Next: 49%
Magic:  12/18      EV: 13    Int: 10    God:    Uskayaw [*****.]
Gold:   454        SH:  0    Dex: 18    Spells: 18/20 levels left

rFire   + . .      SeeInvis .     - Unarmed
rCold   . . .      Faith    .   (no shield)
rNeg    . . .      Spirit   .   l - +4 ring mail
rPois   .          Reflect  .   a - +0 helmet
rElec   .          Harm     .   A - +0 cloak
rCorr   .          Rampage  .   n - +0 pair of gloves
Will    .....                   d - +0 pair of boots
Stlth   +++.......              (no amulet)
HPRegen 0.22/turn               x - ring of protection from fire
MPRegen 0.16/turn               (no ring)

@: lethally poisoned (-2 -> -31), wereblooded, invisible
A: fangs 1, strong nose, distributed training
a: Renounce Religion, Stomp, Line Pass, Grand Finale


You were on level 8 of the Dungeon.
You worshipped Uskayaw.
Uskayaw was noncommittal.
You visited 1 branch of the dungeon, and saw 8 of its levels.

You collected 494 gold pieces.
You spent 40 gold pieces at shops.

Inventory:

Hand Weapons
 b - a +2 sling
Missiles
 c - 3 boomerangs (quivered)
 f - 76 stones
 h - 4 curare-tipped darts
 m - a throwing net
 s - 10 poisoned darts
Armour
 a - a +0 helmet (worn)
 d - a +0 pair of boots (worn)
 l - a +4 ring mail (worn)
 n - a +0 pair of gloves (worn)
 A - a +0 cloak (worn)
 H - +0 acid dragon scales
Magical Staves
 z - a staff of air
Jewellery
 x - a ring of protection from fire (left hand)
 D - a +6 ring of intelligence
Wands
 e - a wand of polymorph (4)
 j - a wand of light (6)
 B - a wand of charming (12)
 G - a wand of mindburst (7)
Scrolls
 g - a scroll of fear
 o - 3 scrolls of fog
 r - 2 scrolls of immolation
 u - 2 scrolls of blinking
 v - 3 scrolls of teleportation
 E - a scroll of poison
 J - a scroll of magic mapping
Potions
 i - 2 potions of attraction
 k - a potion of magic
 p - a potion of cancellation
 t - 4 potions of brilliance
 y - 2 potions of lignification
 I - a potion of flight


   Skills:
 + Level 6.1 Fighting
 + Level 5.5 Short Blades
 + Level 5.5 Long Blades
 + Level 5.5 Axes
 + Level 5.5 Maces & Flails
 + Level 5.5 Polearms
 + Level 5.5 Staves
 + Level 5.5 Ranged Weapons
 + Level 6.1 Throwing
 + Level 10.2 Armour
 + Level 5.5 Dodging
 + Level 5.5 Stealth
 + Level 5.5 Shields
 + Level 8.7 Unarmed Combat
 + Level 5.5 Spellcasting
 + Level 4.5 Conjurations
 + Level 4.5 Hexes
 + Level 4.5 Summonings
 + Level 4.5 Necromancy
 + Level 4.5 Translocations
 + Level 4.5 Transmutations
 + Level 4.5 Fire Magic
 + Level 4.5 Ice Magic
 + Level 4.5 Air Magic
 + Level 4.5 Earth Magic
 + Level 4.5 Poison Magic
 + Level 6.6 Invocations
 + Level 5.5 Evocations


You had 18 spell levels left.
You knew the following spells:

 Your Spells              Type           Power      Damage    Failure   Level
a - Wereblood             Tmut           11%        N/A       10%         2

Your spell library contained the following spells:

 Spells                   Type           Power      Damage    Failure   Level
 Beastly Appendage        Tmut           22%        N/A       7%          1
 Blink                    Tloc           22%        N/A       10%         2
 Poisonous Vapours        Pois/Air       22%        N/A       10%         2
 Scorch                   Fire           22%        2d6       10%         2
 Ignite Poison            Fire/Tmut/Pois 11%        N/A       21%         3
 Spider Form              Tmut/Pois      11%        N/A       21%         3
 Airstrike                Air            5%         2d(1-17)  54%         4
 Flame Wave               Conj/Fire      11%        2d6       54%         4
 Manifold Assault         Tloc           11%        N/A       88%         5
 Silence                  Hex/Air        5%         N/A       88%         5
 Summon Cactus Giant      Summ           5%         N/A       100%        6
 Storm Form               Tmut/Air       5%         N/A       100%        7


Dungeon Overview and Level Annotations

Branches:
Dungeon (8/15)             Temple (0/1) D:6            Lair (0/5) D:8

Altars:
Ashenzari
Cheibriados
Fedhas
Hepliaklqana
Kikubaaqudgha
Okawaru
Trog
Uskayaw
Vehumet
Wu Jian
Yredelemnul

Shops:
D:7 ?

Annotations:
D:3 3 runed translucent doors, zeram's ghost, amateur OgFi


Innate Abilities, Weirdness & Mutations

You have very sharp teeth.
Your uncanny sense of smell can sniff out nearby items.
Your experience applies equally to all skills.


Message History

You feel sick.
The water moccasin hisses angrily.
You hear a shout!
The water moccasin barely misses you. The water moccasin bites you.
* * * LOW HITPOINT WARNING * * *
You are more poisoned.
The water moccasin poisons you! The water moccasin misses you.
A kobold comes into view.
It is wielding a +0 club and quivering poisoned darts.
The ice beast closely misses you.
The kobold brigand throws a curare-tipped dart.
The curare-tipped dart closely misses the water moccasin.
The curare-tipped dart barely misses you.
The curare-tipped dart hits the water moccasin.
The water moccasin barely misses you. The water moccasin misses you.
You punch the water moccasin!
The water moccasin is moderately wounded.
* * * LOW HITPOINT WARNING * * *
You feel very sick.
The water moccasin bites you but does no damage.
The water moccasin barely misses you. The water moccasin closely misses you.
The kobold brigand throws a curare-tipped dart.
The curare-tipped dart barely misses the water moccasin.
The curare-tipped dart closely misses you.
The curare-tipped dart hits the water moccasin.
The kobold hits the plant with a +0 club.
The plant begins to die.
The water moccasin bites you but does no damage.
The ice beast closely misses you.
The water moccasin closely misses you. x2
You barely miss the water moccasin.
The water moccasin is heavily wounded.
* * * LOW HITPOINT WARNING * * *
You feel very sick. The water moccasin closely misses you.
The water moccasin misses you. x2
The water moccasin closely misses you. x2; The water moccasin bites you.
* * * LOW HITPOINT WARNING * * *
The kobold brigand throws a curare-tipped dart.
The curare-tipped dart closely misses the water moccasin.
The curare-tipped dart hits you.
You are more poisoned.
You have difficulty breathing.
You die...

P..P.P.......P.
...P.P..>...PPP.
#.PKPP..P....P..
##...PP.P..P...P.
#...P.P.....)PP..
.....PK..KS..PP...
##....P.)....P....
.....P†.SYS.....#
##.P..S@S....P#
##.PP†.S..P.##. .#
#.......P###.. ..#
###....P.....#
#..# ####...^..#
.. #......# .
#......# #......#
#......#


You could see 6 water moccasins, an ice beast (unable to see you), a kobold
brigand (unable to see you) and 2 kobolds.

Vanquished Creatures
  A two-headed ogre (D:8)
  Pikel (D:4)
  Maggie (D:6)
  A hornet (D:7)
  Prince Ribbit (D:6)
  Sigmund (D:4)
  A steam dragon (D:8)
  Edmund (D:5)
  A water moccasin (D:7)
  An orc warrior (D:6)
  2 black bears
  2 ice beasts
  2 ogres
  8 bullfrogs
  A gnoll sergeant (D:8)
  4 scorpions
  A necrophage (D:5)
  9 wights (D:6)
  A howler monkey (D:7)
  2 orc priests
  5 hounds
  2 iguanas
  Ijyb (D:4)
  4 orc wizards
  Natasha (thrice) (D:3)
  4 adders
  11 gnolls
  2 ufetubi
  3 worms
  3 dart slugs
  24 orcs
  3 endoplasms
  9 giant cockroaches
  7 hobgoblins
  3 jackals (D:5)
  13 kobolds
  A quokka (D:1)
  7 ball pythons
  6 bats
  3 frilled lizards (D:1)
  6 goblins
  7 rats
169 creatures vanquished.

Vanquished Creatures (others)
  A wizard (D:4)
  30 fungi
  43 plants (D:8)
74 creatures vanquished.

Grand Total: 243 creatures vanquished

Notes
Turn   | Place    | Note
-------+----------+-------------------------------------------
     0 | D:1      | jtron the Gnoll Wanderer began the quest for the Orb.
     0 | D:1      | jtron set off with the following items: a +0 dagger, a
                  | potion of lignification, a potion of curing, a potion of
                  | berserk rage, a +2 scale mail.
     0 | D:1      | Reached XP level 1. HP: 17/17 MP: 2/2
   187 | D:1      | Reached XP level 2. HP: 23/23 MP: 3/3
   526 | D:1      | Got the Quarto of the Intoxicating Squall
   536 | D:1      | Reached XP level 3. HP: 27/28 MP: 4/4
   948 | D:2      | You fall into a shaft and drop 2 floors!
  1034 | D:3      | Reached skill level 1 in Short Blades
  1034 | D:3      | Reached skill level 1 in Long Blades
  1034 | D:3      | Reached skill level 1 in Axes
  1034 | D:3      | Reached skill level 1 in Maces & Flails
  1034 | D:3      | Reached skill level 1 in Polearms
  1034 | D:3      | Reached skill level 1 in Staves
  1034 | D:3      | Reached skill level 1 in Ranged Weapons
  1034 | D:3      | Reached skill level 1 in Dodging
  1034 | D:3      | Reached skill level 1 in Stealth
  1034 | D:3      | Reached skill level 1 in Shields
  1034 | D:3      | Reached skill level 1 in Spellcasting
  1034 | D:3      | Reached skill level 1 in Evocations
  1569 | D:3      | Found a faded altar of an unknown god.
  1899 | D:3      | Noticed Natasha
  1914 | D:3      | Reached XP level 4. HP: 11/34 MP: 6/6
  1919 | D:3      | Killed Natasha
  1920 | D:3      | Reached skill level 1 in Conjurations
  1920 | D:3      | Reached skill level 1 in Hexes
  1920 | D:3      | Reached skill level 1 in Summonings
  1920 | D:3      | Reached skill level 1 in Necromancy
  1920 | D:3      | Reached skill level 1 in Translocations
  1920 | D:3      | Reached skill level 1 in Transmutations
  1920 | D:3      | Reached skill level 1 in Fire Magic
  1920 | D:3      | Reached skill level 1 in Ice Magic
  1920 | D:3      | Reached skill level 1 in Air Magic
  1920 | D:3      | Reached skill level 1 in Earth Magic
  1920 | D:3      | Reached skill level 1 in Poison Magic
  1941 | D:3      | Reached XP level 5. HP: 26/40 MP: 7/7
  2068 | D:3      | Identified the +9 mace "Utiudan" {pain, rElec rC+}
  2274 | D:3      | Found a runed translucent gate.
  2277 | D:3      | Noticed zeram's ghost (amateur OgFi)
  2278 | D:3      | Found a runed translucent gate.
  2278 | D:3      | Noticed a kobold brigand
  2279 | D:3      | Found a runed translucent gate.
  2505 | D:3      | Noticed Natasha
  2527 | D:3      | Killed Natasha
  3250 | D:3      | Noticed Natasha
  3262 | D:3      | Killed Natasha
  3263 | D:3      | Reached XP level 6. HP: 47/47 MP: 8/8
  3372 | D:4      | Noticed Ijyb
  3390 | D:4      | Killed Ijyb
  3582 | D:4      | Noticed Sigmund
  3594 | D:4      | Killed Sigmund
  3648 | D:4      | Found an ornate altar of the Wu Jian Council.
  3785 | D:4      | Reached XP level 7. HP: 52/52 MP: 10/10
  3987 | D:4      | Found a bloodstained altar of Trog.
  4193 | D:4      | Noticed a wizard
  4199 | D:4      | Killed a wizard
  4258 | D:4      | Noticed Pikel
  4290 | D:4      | Killed Pikel
  4291 | D:4      | Reached skill level 9 in Armour
  4291 | D:4      | Reached XP level 8. HP: 27/60 MP: 10/12
  4657 | D:5      | Entered Level 5 of the Dungeon
  5086 | D:5      | Found a hide-covered altar of Uskayaw.
  5094 | D:5      | Became a worshipper of Uskayaw the Reveller
  5187 | D:5      | Noticed Edmund
  5201 | D:5      | Reached * piety under Uskayaw
  5224 | D:5      | Reached ** piety under Uskayaw
  5227 | D:5      | Killed Edmund
  5484 | D:5      | Found a broken altar of Ashenzari.
  5766 | D:5      | Reached skill level 5 in Invocations
  5950 | D:6      | Found an ancient bone altar of Kikubaaqudgha.
  5974 | D:6      | Reached *** piety under Uskayaw
  5987 | D:6      | Reached XP level 9. HP: 11/67 MP: 9/15
  6303 | D:6      | Reached **** piety under Uskayaw
  6479 | D:6      | Noticed Prince Ribbit
  6502 | D:6      | Reached skill level 5 in Fighting
  6502 | D:6      | Reached skill level 5 in Throwing
  6508 | D:6      | Killed Prince Ribbit
  6643 | D:6      | Reached ***** piety under Uskayaw
  6975 | D:6      | Found a staircase to the Ecumenical Temple.
  6995 | D:6      | Noticed Maggie
  7010 | D:6      | Killed Maggie
  7334 | D:6      | Found an iron altar of Okawaru.
  7386 | D:6      | Found a basalt altar of Yredelemnul.
  7386 | D:6      | Found a snail-covered altar of Cheibriados.
  7386 | D:6      | Found a blossoming altar of Fedhas.
  7405 | D:7      | Noticed a hornet
  7521 | D:7      | Learned a level 2 spell: Wereblood
  7670 | D:7      | Found a radiant altar of Vehumet.
  7685 | D:7      | Paralysed by a hornet for 2 turns
  7688 | D:7      | Killed a hornet
  7689 | D:7      | Reached skill level 5 in Short Blades
  7689 | D:7      | Reached skill level 5 in Long Blades
  7689 | D:7      | Reached skill level 5 in Axes
  7689 | D:7      | Reached skill level 5 in Maces & Flails
  7689 | D:7      | Reached skill level 5 in Polearms
  7689 | D:7      | Reached skill level 5 in Staves
  7689 | D:7      | Reached skill level 5 in Ranged Weapons
  7689 | D:7      | Reached skill level 5 in Dodging
  7689 | D:7      | Reached skill level 5 in Stealth
  7689 | D:7      | Reached skill level 5 in Shields
  7689 | D:7      | Reached skill level 5 in Spellcasting
  7689 | D:7      | Reached skill level 5 in Evocations
  7689 | D:7      | Reached XP level 10. HP: 29/76 MP: 13/17
  7690 | D:7      | Reached skill level 10 in Armour
  8532 | D:7      | Found Jupirch's Magic Scroll Shop.
  8542 | D:7      | Bought a scroll of identify for 20 gold pieces
  8542 | D:7      | Bought a scroll of identify for 20 gold pieces
  8697 | D:8      | Found a hazy altar of Hepliaklqana.
  8932 | D:8      | Noticed a two-headed ogre
  8946 | D:8      | Killed a two-headed ogre
  9276 | D:8      | Noticed a cyclops
  9276 | D:8      | Noticed a manticore
  9385 | D:8      | Found a staircase to the Lair.
  9442 | D:8      | Asphyxiated

Illustrated notes

Levels and vault maps discovered:
D:1:      dpeg_arrival_pond, layout_rooms
D:2:      layout_loops_cross
D:3:      layout_basic, nicolae_ecumenical_lake_church,
          gammafunk_ghost_nasty_kobolds, minmay_misc_feat_more_columns,
          grunt_decor_mini_mirrors, minmay_fractal_squares_5, uniq_natasha
D:4:      layout_layer_cave, trog_wizard, lemuel_coloured_pillars_altar,
          uniq_pikel, uniq_sigmund, uniq_ijyb
D:5:      layout_rooms, nicolae_uskayaw_murder_on_the_dancefloor,
          ashenzari_altar_1, chequers_serial_rivers_micro_e, uniq_edmund
D:6:      layout_cave_pools, okawaru_metal_pillars_1_2,
          gammafunk_temple_overflow_claw, nicolae_overflow_hidden_temple,
          temple_green, uniq_prince_ribbit1, uniq_maggie
D:7:      layout_gridville, nicolae_vehumet_radiance, serial_shops,
          nicolae_shop_trees
D:8:      layout_rooms, nicolae_overflow_crystal_walls,
          due_lair_maze_entry_diamond, lightli_corner_chamber

Skill      XL: |  1  2  3  4  5  6  7  8  9 10 |
---------------+-------------------------------+-----
Short Blades   | 1 2 3 4 5 |  5.5
Long Blades    | 1 2 3 4 5 |  5.5
Axes           | 1 2 3 4 5 |  5.5
Maces & Flails | 1 2 3 4 5 |  5.5
Polearms       | 1 2 3 4 5 |  5.5
Staves         | 1 2 3 4 5 |  5.5
Ranged Weapons | 1 2 3 4 5 |  5.5
Dodging        | 1 2 3 4 5 |  5.5
Stealth        | 1 2 3 4 5 |  5.5
Shields        | 1 2 3 4 5 |  5.5
Spellcasting   | 1 2 3 4 5 |  5.5
Evocations     | 1 2 3 4 5 |  5.5
Conjurations   | 1 2 3 4 |  4.5
Hexes          | 1 2 3 4 |  4.5
Summonings     | 1 2 3 4 |  4.5
Necromancy     | 1 2 3 4 |  4.5
Translocations | 1 2 3 4 |  4.5
Transmutations | 1 2 3 4 |  4.5
Fire Magic     | 1 2 3 4 |  4.5
Ice Magic      | 1 2 3 4 |  4.5
Air Magic      | 1 2 3 4 |  4.5
Earth Magic    | 1 2 3 4 |  4.5
Poison Magic   | 1 2 3 4 |  4.5
Invocations    | 3 4 5 6 |  6.6
Fighting       | 3 4 5 6 |  6.1
Throwing       | 3 4 5 6 |  6.1
Unarmed Combat | 7 8 |  8.7
Armour         | 9 10 | 10.2

Action                   |  1- 3 |  4- 6 |  7- 9 | 10-12 || total
-------------------------+-------+-------+-------+-------++-------
Melee: Unarmed           |   145 |   148 |   342 |   147 ||   782
       Bite              |    11 |    11 |    46 |    19 ||    87
       Punch             |     4 |     5 |    17 |    10 ||    36
 Fire: Sling             |       |     2 |     6 |       ||     8
Throw: Stone             |       |     2 |       |       ||     2
       Boomerang         |       |       |    11 |       ||    11
       Dart              |       |       |     1 |       ||     1
 Cast: Wereblood         |       |       |     1 |     4 ||     5
Invok: Line Pass         |       |       |     4 |     4 ||     8
       Stomp             |       |       |     2 |       ||     2
  Use: Scroll            |     5 |       |     9 |     8 ||    22
       Potion            |       |     6 |     5 |     3 ||    14
 Stab: Paralysed         |       |       |    11 |    10 ||    21
       Sleeping          |       |       |     3 |     1 ||     4
       Invisible         |       |       |       |     6 ||     6
       Distracted        |       |       |       |     1 ||     1
Armor: Scale mail        |    67 |       |       |       ||    67
       Ring mail         |    26 |    78 |   173 |    85 ||   362
Dodge: Dodged            |    65 |    67 |   177 |   152 ||   461
